 Dungeon Crawl Stone Soup version 0.28-a0-793-g31680bbd8b (webtiles) character file.

Game seed: 3996948347318708359

40 ytrimaz the Skirmisher (level 3, -2/36 (43) HPs)
             Began as a Demonspawn Berserker on Nov 4, 2021.
             Was a Follower of Trog.
             Slain by a necrophage (4 damage)
             ... on level 2 of the Dungeon.
             The game lasted 00:01:30 (1504 turns).

ytrimaz the Skirmisher (Demonspawn Berserker)       Turns: 1504, Time: 00:01:31

HP:   -2/36 (43)    AC:  3    Str: 18    XL:     3   Next: 30%
MP:   3/3           EV: 12    Int:  8    God:    Trog [*.....]
Gold: 28            SH:  0    Dex: 12    Spells: 2/2 levels left

rFire   . . .      SeeInvis .   a - +0 hand axe
rCold   . . .      Faith    .   (no shield)
rNeg    . . .      Spirit   .   b - +0 animal skin
rPois   .          Reflect  .   (no helmet)
rElec   .          Harm     .   (no cloak)
rCorr   .          Rampage  .   c - +0 pair of gloves
Will    .....                   (no boots)
Stlth   ..........              (no amulet)
HPRegen 0.12/turn               (no ring)
MPRegen 0.08/turn               (no ring)

@: brilliant, berserking, heavily drained, very quick
A: powered by death 1, sturdy frame 1
a: Renounce Religion, Berserk


You were on level 2 of the Dungeon.
You worshipped Trog.
Trog was aware of your devotion.
You visited 1 branch of the dungeon, and saw 2 of its levels.

You collected 28 gold pieces.

Inventory:

Hand Weapons
 a - a +0 hand axe (weapon)
Armour
 b - a +0 animal skin (worn)
 c - a +0 pair of gloves (worn)
Scrolls
 e - a scroll of teleportation {unknown}
 g - a scroll of enchant armour {unknown}
Potions
 f - a potion of ambrosia {unknown}


   Skills:
 + Level 3.4 Fighting
 + Level 3.1 Axes
 * Level 2.1 Armour
 * Level 2.2 Dodging


You had 2 spell levels left.
You didn't know any spells.
Your spell library was empty.

Dungeon Overview and Level Annotations

Branches:
Dungeon (2/15)

Altars:


Innate Abilities, Weirdness & Mutations

You regenerate a little health from kills.
Your movements are slightly less encumbered by armour. (ER -2)


Message History

You barely miss the necrophage. The necrophage hits you.
You feel drained.
The frilled lizard hisses.
You barely miss the necrophage. You closely miss the frilled lizard.
The necrophage hits you.
You feel drained. The frilled lizard barely misses you.
The necrophage hits you.
You feel drained.
You hit the necrophage.
The necrophage is lightly damaged.
You hit the frilled lizard but do no damage.
The frilled lizard bites you. The necrophage hits you.
* * * LOW HITPOINT WARNING * * *
You feel drained.
* * * LOW HITPOINT WARNING * * *
Okay, then.
It was a potion of brilliance.
You feel clever all of a sudden. The frilled lizard barely misses you.
The necrophage hits you.
* * * LOW HITPOINT WARNING * * *
A red film seems to cover your vision as you go berserk!
You feel yourself moving faster!
You feel mighty! The frilled lizard closely misses you.
The necrophage hits you.
* * * LOW HITPOINT WARNING * * *
You feel drained.
* * * LOW HITPOINT WARNING * * *
You closely miss the necrophage. You closely miss the frilled lizard.
The frilled lizard barely misses you.
You hit the necrophage.
The necrophage is lightly damaged.
You closely miss the frilled lizard. The necrophage barely misses you.
The frilled lizard hisses.
The frilled lizard bites you but does no damage.
You slash the frilled lizard!
You kill the frilled lizard!
Trog accepts your kill.
You closely miss the necrophage. The necrophage completely misses you.
Unknown command.
You slash the necrophage!
The necrophage is heavily damaged.
The necrophage hits you.
You die...

##...........##.#
................#
................#
...........)....##.
...................
.................#
.................#
........†..n@....#
........†........#
.................# #
.................# .
.................# #
.................# #
# .................#
#.#
...........(.....#.#
#.#
.................#.#
# #..


You could see a necrophage.

Vanquished Creatures
  An adder (D:2)
  2 dart slugs
  8 ball pythons
  A bat (D:2)
  2 endoplasms (D:1)
  2 giant cockroaches
  3 goblins (D:1)
  2 quokkas (D:1)
  5 frilled lizards
  2 rats
28 creatures vanquished.

Notes
Turn   | Place    | Note
-------+----------+-------------------------------------------
     0 | D:1      | ytrimaz the Demonspawn Berserker began the quest for the
                  | Orb.
     0 | D:1      | Reached XP level 1. HP: 18/18 MP: 1/1
   246 | D:1      | Gained mutation: Your movements are slightly less
                  | encumbered by armour. (ER -2) [demonic ancestry]
   246 | D:1      | Reached XP level 2. HP: 22/24 MP: 2/2
   936 | D:2      | Gained mutation: You regenerate a little health from kills.
                  | [demonic ancestry]
   936 | D:2      | Reached XP level 3. HP: 8/29 MP: 3/3
  1485 | D:2      | Noticed a necrophage
  1500 | D:2      | HP: 1/36 [necrophage (1)]
  1504 | D:2      | Slain by a necrophage

Illustrated notes

Levels and vault maps discovered:
D:1:      sevenhm_arrival_forest_fort_small_6, layout_loops_cross
D:2:      layout_basic, wad_floor_pattern_2

Skill      XL: |  1  2 |
---------------+-------+-----
Armour         | 2 |  2.1
Axes           | 3 |  3.1
Dodging        | 2 |  2.2
Fighting       | |  3.4

Action                   || total
-------------------------++-------
Melee: Hand axe          ||    71
Invok: Berserk           ||     2
  Use: Potion            ||     1
 Stab: Sleeping          ||     2
Armor: Animal skin       ||    17
Dodge: Dodged            ||    55

Table legend: (Time is in decaauts)
 A = Elapsed time spent in this place.
 B = Non-inter-level travel time spent in this place.
 C = Inter-level travel time spent in this place.
 D = Time resting spent in this place.
 E = Time spent auto-exploring this place.
 F = Levels seen in this place.
 G = Mean time per level.
                   A        B        C        D        E       F      G
               +--------+--------+--------+--------+--------+-----+--------+
         Total |   1522 |   1499 |     23 |    364 |    915 |   2 |  761.0 |
       Dungeon |   1522 |   1499 |     23 |    364 |    915 |   2 |  761.0 |
               +--------+--------+--------+--------+--------+-----+--------+

Top non-repeatable levels by time:
     D:1: 873 daAuts
     D:2: 649 daAuts
